 Dungeon Crawl Stone Soup version 0.28-a0-631-g0446da8ef9 (webtiles) character file.

Game seed: 3562494427866834841

1861 KristoblXynda the Ruffian (level 8, -1/83 HPs)
             Began as a Troll Monk on Oct 10, 2021.
             Was a Believer of Cheibriados.
             Slain by Prince Ribbit (6 damage)
             ... on level 7 of the Dungeon.
             The game lasted 00:09:38 (4770 turns).

KristoblXynda the Ruffian (Troll Monk)              Turns: 4770, Time: 00:09:39

Health: -1/83      AC:  4    Str: 32    XL:     8   Next: 89%
Magic:  7/7        EV: 13    Int: 14    God:    Cheibriados [**....]
Gold:   307        SH:  0    Dex: 18    Spells: 7/7 levels left

rFire   . . .      SeeInvis .     - Unarmed
rCold   . . .      Faith    .   (no shield)
rNeg    . . .      Spirit   .   a - +0 robe
rPois   .          Reflect  .   (helmet restricted)
rElec   .          Harm     .   (no cloak)
rCorr   .          Rampage  .   (gloves unavailable)
Will    .....                   (boots unavailable)
Stlth   ++........              (no amulet)
HPRegen 1.23/turn               j - +6 ring of strength
MPRegen 0.10/turn               (no ring)

@: very slow
A: large, unfitting armour, claws 3, regeneration 1, shaggy fur 1, tough skin 1
a: Renounce Religion, Bend Time


You were on level 7 of the Dungeon.
You worshipped Cheibriados.
Cheibriados was pleased with you.
You visited 2 branches of the dungeon, and saw 8 of its levels.

You collected 307 gold pieces.

Inventory:

Hand Weapons
 f - a +0 whip of pain
Armour
 a - a +0 robe (worn)
Jewellery
 j - a +6 ring of strength (left claw)
Scrolls
 n - a scroll of enchant weapon {unknown}
 o - a scroll of enchant armour {unknown}
Potions
 b - a potion of magic
 d - a potion of attraction {unknown}
 e - a potion of lignification
 h - a potion of mutation {unknown}
 k - a potion of heal wounds {unknown}
 q - 3 potions of flight {unknown}


   Skills:
 + Level 6.0 Fighting
 + Level 6.1 Dodging
 - Level 1.0 Stealth
 + Level 7.3 Unarmed Combat


You had 7 spell levels left.
You didn't know any spells.
Your spell library contained the following spells:

 Spells                   Type           Power      Damage    Failure   Level
 Foxfire                  Conj/Fire      0%         2x1d4     28%         1
 Conjure Flame            Conj/Fire      0%         6-21      65%         3
 Inner Flame              Hex/Fire       0%         N/A       65%         3
 Flame Wave               Conj/Fire      0%         3d3       96%         4


Dungeon Overview and Level Annotations

Branches:
Dungeon (7/15)             Temple (1/1) D:6

Altars:
Ashenzari
Cheibriados
Dithmenos
Elyvilon
Fedhas
Gozag
Hepliaklqana
Kikubaaqudgha
Makhleb
Nemelex Xobeh
Okawaru
Qazlal
Ru
Sif Muna
Trog
Uskayaw
Vehumet
Wu Jian
Xom
Yredelemnul
Zin
The Shining One

Shops:
D:5 (

Annotations:
D:5 2 transporters, Astera's ghost, novice HOFi
D:7 Prince Ribbit


Innate Abilities, Weirdness & Mutations

You are too large for most types of armour.
You have claws for hands.
Your natural rate of healing is unusually fast.
You are covered in fur. (AC +1)
You have tough skin. (AC +1)


Message History

* * * LOW HITPOINT WARNING * * *
You closely miss Prince Ribbit.
Prince Ribbit is heavily wounded.
Prince Ribbit barely misses you.
Unknown command.
You closely miss Prince Ribbit.
Prince Ribbit is heavily wounded.
Prince Ribbit completely misses you.
You closely miss Prince Ribbit.
Prince Ribbit is heavily wounded.
Prince Ribbit hits you.
* * * LOW HITPOINT WARNING * * *
Unknown command.
You scratch Prince Ribbit.
Prince Ribbit is heavily wounded.
Prince Ribbit hits you!
* * * LOW HITPOINT WARNING * * *
You scratch Prince Ribbit.
Prince Ribbit is severely wounded.
Prince Ribbit hits you.
* * * LOW HITPOINT WARNING * * *
Unknown command.
You feel better. Prince Ribbit hits you.
* * * LOW HITPOINT WARNING * * *
Prince Ribbit blinks!
Things that are here:
a +0 halberd; a gnoll corpse Prince Ribbit blinks!
Prince Ribbit blinks!
You scratch Prince Ribbit.
Prince Ribbit is severely wounded.
Prince Ribbit barely misses you.
You miss Prince Ribbit.
Prince Ribbit is severely wounded.
Prince Ribbit hits you!
* * * LOW HITPOINT WARNING * * *
You scratch Prince Ribbit.
Prince Ribbit is almost dead.
Prince Ribbit hits you.
You die...

,,..............$..,,,,,,,,,,,,,,
,,,,,,,,#<....###.#*****,,***,,,,
,,,,,,,,#.........,,,***,,,*,,,,,
,,,,,,,,#.........,,,,,*,,,*,,,,,
,,******#........#,,,,,*,,,*,,,,,
,,,,,,,,#........#,,,,,*,,,,,,,*,
,,,,,,,,#........#*,,,,*.....,,*,
,,,,,,,,.......))##,,,,*....,,,*,
,,,,**,,........@)#,,,,*...#,,,*,
,,,,,,,,,.......F.#**+*#...#,,**,
,,,,,,,,,.........# *,*...###.**,
,,,,,,,,,.........# *,,.....g.,*,
,,,,,,,,,.........#####...###.,*,
,,,,,,,,,........!##.g........,*,
,,,,,,,,,..###........g.......,*,
,***,,,,,..* #......g.........,,,
,******,,,,**#....###.gg###...,,,


You could see Prince Ribbit.

Vanquished Creatures
  A steam dragon (D:6)
  Duvessa (D:4)
  A sky beast (D:3)
  5 ogres
  2 phantoms
  A scorpion (D:6)
  A water moccasin zombie (D:6)
  Dowan (D:4)
  A wyvern skeleton (D:5)
  A water moccasin skeleton (D:4)
  A centaur zombie (D:6)
  2 jellies (D:5)
  2 bullfrog zombies (D:6)
  3 hounds
  A centaur skeleton (D:6)
  A gnoll shaman (D:7)
  5 orc priests
  A bullfrog skeleton (D:7)
  An orc wizard (D:6)
  A hound skeleton (D:5)
  A howler monkey zombie (D:5)
  4 gnolls (D:7)
  3 adders
  3 howler monkey skeletons
  A shadow imp (D:5)
  A white imp (D:5)
  2 ufetubi
  A dart slug (D:1)
  12 orcs
  6 ball pythons
  7 bats
  An endoplasm (D:4)
  A giant cockroach (D:3)
  5 goblins
  4 hobgoblins
  2 quokkas
  2 frilled lizards
  6 kobolds
  3 rats
98 creatures vanquished.

Vanquished Creatures (others)
  5 withered plants (D:6)
5 creatures vanquished.

Grand Total: 103 creatures vanquished

Notes
Turn   | Place    | Note
-------+----------+-------------------------------------------
     0 | D:1      | KristoblXynda the Troll Monk began the quest for the Orb.
     0 | D:1      | Reached XP level 1. HP: 22/22 MP: 0/0
   393 | D:1      | Reached XP level 2. HP: 29/29 MP: 1/1
   998 | D:2      | Reached XP level 3. HP: 36/36 MP: 2/2
  1269 | D:2      | Found a faded altar of an unknown god.
  1473 | D:3      | Noticed a sky beast
  1489 | D:3      | Killed a sky beast
  1490 | D:3      | Reached skill level 4 in Unarmed Combat
  1490 | D:3      | Reached XP level 4. HP: 13/45 MP: 3/3
  1566 | D:3      | Reached XP level 5. HP: 53/53 MP: 4/4
  2145 | D:4      | Noticed an ogre
  2177 | D:4      | Killed an ogre
  2229 | D:4      | Noticed Dowan
  2235 | D:4      | Noticed Duvessa
  2245 | D:4      | Killed Duvessa
  2246 | D:4      | Reached XP level 6. HP: 58/62 MP: 5/5
  2252 | D:4      | Killed Dowan
  2396 | D:4      | Reached skill level 5 in Unarmed Combat
  2522 | D:4      | Reached XP level 7. HP: 58/70 MP: 6/6
  2745 | D:5      | Entered Level 5 of the Dungeon
  2817 | D:5      | Found a transporter.
  2867 | D:5      | Found Gaumacla's Antique Weapon Emporium.
  3047 | D:5      | Found a transporter.
  3051 | D:5      | Noticed Astera's ghost (novice HOFi)
  3357 | D:5      | HP: 2/71 [ogre (18)]
  3374 | D:5      | Reached skill level 5 in Fighting
  3374 | D:5      | Reached skill level 5 in Dodging
  3374 | D:5      | Reached skill level 6 in Unarmed Combat
  3470 | D:5      | Reached XP level 8. HP: 60/80 MP: 7/7
  3618 | D:6      | Found a sparkling altar of Nemelex Xobeh.
  3621 | D:6      | Found a glowing golden altar of the Shining One.
  3624 | D:6      | Found a shimmering blue altar of Sif Muna.
  3625 | D:6      | Found a basalt altar of Yredelemnul.
  3627 | D:6      | Found a burning altar of Makhleb.
  3631 | D:6      | Found an opulent altar of Gozag.
  3864 | D:6      | Found a staircase to the Ecumenical Temple.
  3878 | Temple   | Entered the Ecumenical Temple
  3953 | Temple   | Became a worshipper of Cheibriados the Contemplative
  3953 | Temple   | Reached * piety under Cheibriados
  3953 | Temple   | Reached ** piety under Cheibriados
  4392 | D:6      | Reached skill level 7 in Unarmed Combat
  4717 | D:7      | HP: 4/81 [gnoll (5)]
  4719 | D:7      | Noticed Prince Ribbit
  4761 | D:7      | HP: 2/83 [Prince Ribbit (5)]
  4769 | D:7      | HP: 4/83 [Prince Ribbit (14)]
  4770 | D:7      | Slain by Prince Ribbit

Illustrated notes

Levels and vault maps discovered:
D:1:      matt_arrival_spirals, layout_basic, amcnicky_mini_corridor_feature
D:2:      layout_loops_cross, hellmonk_ecumenical_altar_crossroads,
          minmay_misc_feat_room, minivault_25
D:3:      layout_loops_ring
D:4:      layout_rooms, grunt_ministairs_12, uniq_duvessa
D:5:      layout_gridville, serial_shops, shop, gammafunk_ghost_mausoleum
D:6:      layout_basic, minitemple, minmay_temple_entry_antechambers,
          serial_undead, serial_undead_e, serial_undead_e, serial_undead_e,
          serial_undead_b, bh_walls_and_bars
D:7:      layout_basic, wad_floor_pattern_untrapped, uniq_prince_ribbit1
Temple:   nicolae_temple_elliptical

Skill      XL: |  1  2  3  4  5  6  7  8 |
---------------+-------------------------+-----
Fighting       | 3 4 5 6 |  6.0
Dodging        | 3 4 5 6 |  6.1
Unarmed Combat | 4 5 6 7 |  7.3
Stealth        | |  1.0

Action                   |  1- 3 |  4- 6 |  7- 9 || total
-------------------------+-------+-------+-------++-------
Melee: Unarmed           |    75 |    69 |   157 ||   301
       Punch             |       |     1 |     8 ||     9
  Use: Scroll            |       |       |     9 ||     9
       Potion            |       |       |     4 ||     4
 Stab: Sleeping          |     4 |       |       ||     4
       Distracted        |     1 |       |       ||     1
Armor: Robe              |    22 |     7 |    39 ||    68
       Skin              |       |       |     1 ||     1
Dodge: Dodged            |    36 |    42 |    91 ||   169

Table legend: (Time is in decaauts)
 A = Elapsed time spent in this place.
 B = Non-inter-level travel time spent in this place.
 C = Inter-level travel time spent in this place.
 D = Time resting spent in this place.
 E = Time spent auto-exploring this place.
 F = Levels seen in this place.
 G = Mean time per level.
                   A        B        C        D        E       F      G
               +--------+--------+--------+--------+--------+-----+--------+
         Total |   5048 |   4820 |    228 |    167 |   3669 |   8 |  631.0 |
       Dungeon |   4851 |   4656 |    195 |    167 |   3541 |   7 |  693.0 |
        Temple |    197 |    164 |     33 |      0 |    128 |   1 |  197.0 |
               +--------+--------+--------+--------+--------+-----+--------+

Top non-repeatable levels by time:
     D:6: 1253 daAuts
     D:5: 788 daAuts
     D:1: 786 daAuts
     D:3: 680 daAuts
     D:4: 667 daAuts
     D:2: 598 daAuts
  Temple: 197 daAuts
     D:7: 76 daAuts
